 Dungeon Crawl Stone Soup version 0.23.0-42-geed6394 (webtiles) character file.

Game seed: 5789401386253240687

5408 Kairos the Cleaver (level 10, -5/53 HPs)
             Began as a Vine Stalker Fighter on Feb 28, 2019.
             Was a High Priest of Okawaru.
             Slain by an eight-headed hydra (6 damage)
             ... on level 8 of the Dungeon.
             The game lasted 00:11:08 (6366 turns).

Kairos the Cleaver (Vine Stalker Fighter)           Turns: 6366, Time: 00:11:09

Health: -5/53      AC: 12    Str: 22    XL:     10   Next: 67%
Magic:  0/20       EV: 16    Int:  8    God:    Okawaru [*****.]
Gold:   447        SH: 12    Dex: 14    Spells: 9/9 levels left

rFire    + . .     SeeInvis .   E - +9 trident "Xuxoihug" {pierce, *Slow rPois rF+ rC++}
rCold    + + .     Gourm    .   c - +0 shield
rNeg     . . .     Faith    .   b - +1 scale mail
rPois    +         Spirit   +   (no helmet)
rElec    .         Reflect  .   C - +1 cloak {+Inv}
rCorr    .         Harm     .   (no gloves)
MR       +....                  (no boots)
Stlth    ++........             J - amulet of rage
HPRegen  0.57/turn              K - ring of magical power
MPRegen  0.17/turn              r - +2 ring of evasion

@: heroism
A: fangs 3, regeneration 1, magic shield, antimagic bite, no potion heal 3, rot
immunity
a: Heroism, Finesse, Renounce Religion, Evoke Berserk Rage, Evoke Invisibility


You were on level 8 of the Dungeon.
You worshipped Okawaru.
Okawaru was extremely pleased with you.
You were hungry.

You visited 1 branch of the dungeon, and saw 8 of its levels.

You collected 447 gold pieces.

Inventory:

Hand Weapons
 a - a +2 war axe
 t - a +0 mace of holy wrath
 E - the +9 trident "Xuxoihug" (weapon) {pierce, *Slow rPois rF+ rC++}
   (You found it on level 7 of the Dungeon)

   It inflicts extra damage upon your enemies.
   It protects you from fire.
   It greatly protects you from cold.
   It protects you from poison.
   It may slow you when you take damage.
Missiles
 h - 7 tomahawks of returning (quivered)
Armour
 b - a +1 scale mail (worn)
 c - a +0 shield (worn)
 C - a +1 cloak of invisibility (worn)
Jewellery
 i - an uncursed ring of protection from magic
 r - a +2 ring of evasion (right hand)
 u - an uncursed amulet of the gourmand
 v - the ring of the Saviour {Wiz rC+}
   (You found it on level 4 of the Dungeon)

   [ring of wizardry]

   It improves your spell success rate.
   It protects you from cold.
 B - an uncursed ring of fire
 I - an uncursed ring of protection from cold
 J - an amulet of rage (around neck)
 K - a ring of magical power (left hand)
Wands
 m - a wand of polymorph (7)
 D - a wand of iceblast (3)
 F - a wand of random effects (23)
Scrolls
 g - 3 scrolls of amnesia
 k - 3 scrolls of teleportation
 n - 2 scrolls of remove curse
 p - a scroll of immolation
 q - a scroll of identify
 w - a scroll of fog {unknown}
 y - a scroll of fear {unknown}
Potions
 d - 3 potions of might
 e - 2 potions of brilliance
 j - 2 potions of resistance
 l - 3 potions of flight
 o - 5 potions of curing
 s - a potion of magic {unknown}
 x - a potion of agility
 z - a potion of haste
 A - 2 potions of mutation {unknown}
 G - a potion of degeneration {unknown}
 H - a potion of lignification {unknown}
Comestibles
 f - 16 rations


   Skills:
 + Level 6.4(11.4) Fighting
 + Level 8.7(14.0) Axes
 + Level 3.0(11.3) Polearms
 + Level 6.2(11.2) Armour
 + Level 3.2(8.2) Dodging
 + Level 2.3(7.3) Stealth
 + Level 5.9(10.9) Shields
 + Level 0.4 Invocations
 + Level 0.5 Evocations


You had 9 spell levels left.
You didn't know any spells.
Your spell library contained the following spells:

 Spells                   Type           Power        Failure   Level  Hunger
 Infusion                 Chrm           #...         85%         1    ##.....
 Shroud of Golubria       Chrm/Tloc      #.........   94%         2    ###....
 Song of Slaying          Chrm           #.......     94%         2    ###....
 Regeneration             Chrm/Necr      #.........   99%         3    ####...
 Spectral Weapon          Hex/Chrm       #.......     99%         3    ####...


Dungeon Overview and Level Annotations

Branches:
Dungeon (8/15)             Temple (0/1) D:6
   Lair: D:8-11

Altars:
Ashenzari
Cheibriados
Dithmenos
Elyvilon
Fedhas
Kikubaaqudgha
Okawaru
Sif Muna
Trog
Uskayaw
Vehumet
Wu Jian

Shops:
D:4 =

Annotations:
D:8 2 runed translucent doors


Innate Abilities, Weirdness & Mutations

You have razor-sharp teeth.
Your natural rate of healing is unusually fast.
When hurt, damage is shared between your health and your magic reserves.
Your bite disrupts and absorbs the magic of your enemies.
Potions cannot restore your health.
You are immune to rotting.


Message History

You drain its power.
You feel invigorated.
The eight-headed hydra is heavily wounded.
You block the eight-headed hydra's attack.
The eight-headed hydra barely misses you.
The eight-headed hydra closely misses you.
You block the eight-headed hydra's attack.
The eight-headed hydra bites you!
* * * LOW HITPOINT WARNING * * *
The eight-headed hydra bites you!
* * * LOW HITPOINT WARNING * * *
The eight-headed hydra barely misses you. x2
You fail to use your ability.
You block the eight-headed hydra's attack.
The eight-headed hydra closely misses you.
You block the eight-headed hydra's attack.
The eight-headed hydra barely misses you.
The eight-headed hydra bites you!
* * * LOW HITPOINT WARNING * * *
The eight-headed hydra bites you!
You die...

....##.##.#..#######8..8##..###.#
.....#.##.##...)# #8....8#..# #.#
.....#[##..###### #).....#..# #..
#..†.#.##..# #(.....#.## ###
#......##.## #8....8#.#
#.........# #####8..8##.#
###..###..# ##.'.##''##..###### #
#..# #..# #.##........#......
#..# #..# ##@#.#.######.#####
.... ##.##..)D##.†.# #.# ##...#
#..######..#.# #.# ....#
##(.......##.# #.# #...#
##.....####.# #.#
..)#####.###.####.# #.#
.........# #...##.######.#
...#####.###.............#
#####.....#############


You could see an eight-headed hydra.

Vanquished Creatures
  A two-headed ogre (D:7)
  A deep elf mage (D:8)
  Grinder (D:4)
  2 hippogriffs
  A water moccasin (D:6)
  2 ice beasts
  Purgy (D:3)
  A black bear (D:8)
  6 orc warriors (D:8)
  A sky beast (D:8)
  A hornet zombie (D:5)
  A necrophage (D:8)
  2 phantoms
  2 centaurs
  6 ogres
  A bullfrog (D:8)
  A gnoll sergeant (D:7)
  2 scorpions
  5 killer bees (D:7)
  A howler monkey (D:4)
  3 wights (D:8)
  2 bullfrog zombies
  4 crimson imps
  A centaur zombie (D:7)
  5 hounds
  Crazy Yiuf (D:6)
  2 orc priests
  6 orc wizards
  4 worker ants
  2 iguanas
  4 hound skeletons
  10 gnolls
  10 adders
  3 shadow imps
  An ooze (D:2)
  An adder skeleton (D:4)
  4 dart slugs
  7 leopard geckos
  28 orcs
  11 bats
  8 giant cockroaches
  4 goblins
  7 hobgoblins
  10 jackals
  4 quokkas
  A ball python (D:5)
  4 frilled lizards
  A jackal skeleton (D:4)
  9 kobolds
  A leopard gecko skeleton (D:7)
  A quokka skeleton (D:4)
  A quokka zombie (D:7)
  6 rats
205 creatures vanquished.

Notes
Turn   | Place    | Note
-------+----------+-------------------------------------------
     0 | D:1      | Kairos the Vine Stalker Fighter began the quest for the
                  | Orb.
     0 | D:1      | Reached XP level 1. HP: 11/11 MP: 2/2
   108 | D:1      | Reached XP level 2. HP: 13/16 MP: 3/3
   182 | D:1      | Reached skill level 2 in Axes
   303 | D:1      | Reached XP level 3. HP: 16/20 MP: 4/4
   723 | D:2      | Found an iron altar of Okawaru.
  1048 | D:2      | Became a worshipper of Warmaster Okawaru
  1090 | D:2      | Gained mutation: Your natural rate of healing is unusually
                  | fast. [Vine Stalker growth]
  1090 | D:2      | Reached XP level 4. HP: 24/24 MP: 5/5
  1287 | D:3      | Reached skill level 3 in Axes
  1287 | D:3      | Reached XP level 5. HP: 19/28 MP: 4/6
  1326 | D:3      | Found a shadowy altar of Dithmenos.
  1488 | D:3      | Reached skill level 1 in Dodging
  1490 | D:3      | Reached * piety under Okawaru
  1494 | D:3      | Reached XP level 6. HP: 32/32 MP: 7/7
  1683 | D:3      | Noticed Purgy
  1690 | D:3      | Killed Purgy
  1693 | D:3      | Found a deep blue altar of Sif Muna.
  1726 | D:3      | Found a faded altar of an unknown god.
  2302 | D:4      | Reached skill level 4 in Axes
  2440 | D:4      | Reached XP level 7. HP: 35/36 MP: 6/8
  2499 | D:4      | Noticed Grinder
  2511 | D:4      | Killed Grinder
  2511 | D:4      | Reached ** piety under Okawaru
  2511 | D:4      | Reached skill level 5 in Axes
  2511 | D:4      | Reached skill level 1 in Stealth
  2748 | D:4      | Got a slimy platinum ring
  2849 | D:4      | Gained mutation: You have razor-sharp teeth. [Vine Stalker
                  | growth]
  2849 | D:4      | Reached XP level 8. HP: 34/42 MP: 6/9
  2967 | D:4      | Found Irrunilo's Jewellery Shoppe.
  3157 | D:5      | Entered Level 5 of the Dungeon
  3210 | D:5      | Noticed a hippogriff
  3234 | D:5      | Killed a hippogriff
  3444 | D:5      | Found a bloodstained altar of Trog.
  3449 | D:5      | Found a hide-covered altar of Uskayaw.
  3450 | D:5      | Found a blossoming altar of Fedhas.
  3504 | D:5      | Reached skill level 6 in Axes
  3552 | D:5      | Found an ornate altar of the Wu Jian Council.
  3568 | D:5      | Reached *** piety under Okawaru
  3736 | D:5      | Reached XP level 9. HP: 46/46 MP: 8/10
  3810 | D:6      | Found a staircase to the Ecumenical Temple.
  3903 | D:6      | Reached skill level 5 in Fighting
  3995 | D:6      | Found a shattered altar of Ashenzari.
  4005 | D:6      | Reached skill level 5 in Armour
  4065 | D:6      | Found a shadowy altar of Dithmenos.
  4107 | D:6      | Found a runed translucent door.
  4108 | D:6      | Noticed Crazy Yiuf
  4321 | D:6      | Killed Crazy Yiuf
  4330 | D:6      | Identified the ring of the Saviour {Wiz rC+} (You found it
                  | on level 4 of the Dungeon)
  4443 | D:7      | Found a radiant altar of Vehumet.
  4462 | D:7      | Found an ancient bone altar of Kikubaaqudgha.
  4469 | D:7      | Noticed a two-headed ogre
  4638 | D:7      | Found a snail-covered altar of Cheibriados.
  4750 | D:7      | Reached skill level 7 in Axes
  5218 | D:7      | Got an ichor-stained trident
  5219 | D:7      | Identified the +9 trident "Xuxoihug" {pierce, *Slow rPois
                  | rF+ rC++} (You found it on level 7 of the Dungeon)
  5279 | D:7      | Reached skill level 5 in Shields
  5631 | D:7      | Killed a two-headed ogre
  5631 | D:7      | Reached **** piety under Okawaru
  5631 | D:7      | Reached skill level 8 in Axes
  5631 | D:7      | Reached skill level 1 in Polearms
  5631 | D:7      | Reached XP level 10. HP: 38/53 MP: 8/11
  5983 | D:8      | Found a white marble altar of Elyvilon.
  6155 | D:8      | Found a large runed translucent door.
  6157 | D:8      | Found a large runed translucent door.
  6196 | D:8      | Noticed a deep elf mage
  6198 | D:8      | Reached ***** piety under Okawaru
  6211 | D:8      | Killed a deep elf mage
  6247 | D:8      | Found a large runed translucent door.
  6247 | D:8      | Found a large runed translucent door.
  6359 | D:8      | Noticed an eight-headed hydra
  6366 | D:8      | HP: 1/53 [eight-headed hydra (5)]
  6366 | D:8      | Slain by an eight-headed hydra

Skill      XL: |  1  2  3  4  5  6  7  8  9 10 |
---------------+-------------------------------+-----
Fighting       | 3 4 5 6 |  6.4
Axes           | 2 3 4 5 6 8 |  8.7
Shields        | 3 4 5 |  5.9
Armour         | 3 4 5 6 |  6.2
Dodging        | 1 2 3 |  3.2
Stealth        | 1 2 |  2.3
Polearms       | 1 3 |  3.0
Invocations    | |  0.4
Evocations     | |  0.5

Action                   |  1- 3 |  4- 6 |  7- 9 | 10-12 || total
-------------------------+-------+-------+-------+-------++-------
Melee: War axe           |    80 |   115 |   234 |    78 ||   507
       Bite              |    16 |    26 |    82 |    46 ||   170
       Trident           |       |       |     7 |    70 ||    77
Invok: Heroism           |       |       |     4 |     1 ||     5
Evoke: Wand              |       |       |     3 |     2 ||     5
  Use: Scroll            |     3 |     4 |     7 |       ||    14
       Potion            |       |       |     1 |       ||     1
  Eat: Chunk             |       |     4 |     8 |     2 ||    14
       Ration            |       |       |     1 |       ||     1
Armor: Scale mail        |    33 |    40 |    75 |    38 ||   186
Dodge: Dodged            |    26 |    38 |   102 |    59 ||   225
Block: Shield            |    43 |    56 |   122 |    61 ||   282
